 Dungeon Crawl Stone Soup version 0.31-a0-889-g1a8549509d (webtiles) character file.

Game seed: 1665893548141022512

5 Kurtz the Sneak (level 1, 0/21 HPs)
             Began as a Naga Delver on Oct 16, 2023.
             Slain by a kobold
             ... wielding a +0 whip
              (1 damage)
             ... on level 1 of the Dungeon.
             The game lasted 00:00:29 (279 turns).

Kurtz the Sneak (Naga Delver)                        Turns: 279, Time: 00:00:30

Health: 0/21       AC:  1    Str: 14    XL:     1   Next: 80%
Magic:  1/1        EV:  9    Int: 10    God:
Gold:   14         SH:  0    Dex: 18    Spells: 0/0 levels left

rFire   . . .        a - +0 hand axe
rCold   . . .        (no shield)
rNeg    . . .        b - +0 leather armour
rPois   +            (no helmet)
rElec   .            (no cloak)
rCorr   .            (no gloves)
SInv    +            (no barding)
Will    .....        (no amulet)
Stlth   ++++         k - +6 ring of dexterity
HPRegen 0.23/turn    (no ring)
MPRegen 0.07/turn

%: no passive effects
@: very slow
A: AC +0, large, see invisible, deformed body, poison resistance, slowness 2,
spit poison 1, naga tail 1
a: Spit Poison


You were on level 1 of the Dungeon.
You visited 1 branch of the dungeon, and saw 5 of its levels.

You collected 14 gold pieces.

Inventory:

Hand Weapons
 a - a +0 hand axe (weapon)
Armour
 b - a +0 leather armour (worn)
Jewellery
 k - a +6 ring of dexterity (left hand)
Wands
 g - a wand of digging (3)
Scrolls
 c - a scroll of fog
 d - a scroll of revelation
 e - a scroll of fear
 h - 2 scrolls of poison {unknown}
Potions
 f - a potion of haste
 i - a potion of enlightenment {unknown}
 j - a potion of attraction {unknown}


   Skills:
 - Level 3.0 Fighting
 * Level 2.5 Axes
 - Level 1.5 Dodging
 - Level 7.2 Stealth


You couldn't memorise any spells.
You didn't know any spells.
Your spell library was empty.

Dungeon Overview and Level Annotations

Branches:
Dungeon (5/15)
 Temple: D:4-7

Altars:

Annotations:
D:3 1 exclusion


Innate Abilities, Weirdness & Mutations

Your serpentine skin is tough. (AC +0)
You have supernaturally acute eyesight. (SInv)
Armour fits poorly on your strangely shaped body.
Your system is resistant to poisons. (rPois)
You cover ground very slowly.
You can spit poison.
You have a snake-like lower body.


Message History

You swing at nothing.
You swing at nothing.
You swing at nothing.
Found a blackened wooden ring.
There is a stone staircase leading up here.
k - a +6 ring of dexterity You feel agile.
k - a +6 ring of dexterity (left hand)
There is a stone staircase leading up here.
You climb upwards.
The hobgoblin shouts!
Found a club, a scroll labelled UQAOQUDGH NIATSE and a scale mail.
There is a stone staircase leading down here.
There are monsters nearby!
The kobold shouts!
You hit the hobgoblin.
The hobgoblin is almost dead.
The hobgoblin completely misses you.
You barely miss the hobgoblin.
The hobgoblin is almost dead.
You closely miss the kobold. The kobold hits you with a +0 whip.
The hobgoblin barely misses you.
A bat comes into view.
You hit the hobgoblin.
You kill the hobgoblin!
You hit the kobold. The kobold hits you with a +0 whip.
You closely miss the kobold.
The kobold is severely wounded.
The kobold hits you with a +0 whip. The bat barely misses you.
You are too injured to fight recklessly!
You are too injured to fight recklessly!
You are too injured to fight recklessly!
You are too injured to fight recklessly!
You are too injured to fight recklessly!
You barely miss the bat. You closely miss the kobold.
The bat closely misses you. The bat hits you.
The kobold hits you with a +0 whip.
* * * LOW HITPOINT WARNING * * *
The bat hits you but does no damage. The kobold hits you with a +0 whip.
You die...

.##... .....#.
.[ ..... .......
...#....#.......
...#.#.#.#.#..
.............##.
...#.......#....
.......)....#
####...K@b.##
.......>....#
.###.......##
#.........#
##.#.#.#.##
###.....#
#.....# ....?.#
.# .###


You could see a bat and a kobold.

Vanquished Creatures
  3 endoplasms (D:2)
  A hobgoblin (D:1)
4 creatures vanquished.

Notes
Turn   | Place    | Note
-------+----------+-------------------------------------------
     0 | D:5      | Kurtz the Naga Delver began the quest for the Orb.
     0 | D:5      | Reached XP level 1. HP: 21/21 MP: 1/1
    18 | D:5      | Noticed an iguana
   278 | D:1      | HP: 1/21 [kobold/+0 whip (6)]
   279 | D:1      | Slain by a kobold

Illustrated notes

Levels and vault maps discovered:
D:1:      lemuel_arrival_rhombus, layout_basic,
          hellmonk_ecumenical_altar_arch_garden, st_stairs_4, corner_web_ring,
          minmay_tetromino_t4
D:2:      layout_rooms
D:3:      layout_basic, serial_bayou_pond_e, minmay_misc_feat_pillars,
          cheibrodos_gnoll_hut
D:4:      layout_rooms, temple_doors_e
D:5:      layout_cave_pods, serial_park_tiny_pond, amethyst_killhole, uniq_ijyb

Action                     || total
---------------------------++-------
  Melee: Hand axe          ||    14
   Stab: Sleeping          ||     1
 Armour: Leather armour    ||    11
  Dodge: Dodged            ||     6

Table legend: (Time is in decaauts)
 A = Elapsed time spent in this place.
 B = Non-inter-level travel time spent in this place.
 C = Inter-level travel time spent in this place.
 D = Time resting spent in this place.
 E = Time spent auto-exploring this place.
 F = Levels seen in this place.
 G = Mean time per level.
                   A        B        C        D        E       F      G
               +--------+--------+--------+--------+--------+-----+--------+
         Total |    375 |    319 |     56 |      0 |    227 |   5 |   75.0 |
       Dungeon |    375 |    319 |     56 |      0 |    227 |   5 |   75.0 |
               +--------+--------+--------+--------+--------+-----+--------+

Top non-repeatable levels by time:
     D:3: 190 daAuts
     D:4: 79 daAuts
     D:2: 67 daAuts
     D:5: 31 daAuts
     D:1: 6 daAuts
